TOP OF THE 1ST |
Decatur Commodores batting - Pitching for Burlington Bees : RHP Buddy Maher
|
Pitching: RHP Buddy Maher
|
|
Batting: LHB Alexis Marte
|
0-0: Fly out, F9 (Flyball, 9LS, EV 91.3 MPH)
|
Batting: SHB Roger Holt
|
0-0: Called Strike 0-1: Ball 1-1: Ground out U3 (Groundball, 3L, EV 104.4 MPH)
|
Batting: SHB Daniel Wieser
|
0-0: Ball 1-0: Ball 2-0: Called Strike 2-1: Ball 3-1: Base on Balls
|
Batting: LHB David Showalter
|
0-0: Called Strike 0-1: Called Strike 0-2: Foul Ball, location: 2F 0-2: SINGLE (Line Drive, 89S, EV 98.8 MPH) Daniel Wieser to second
|
Batting: SHB Rondin Johnson
|
0-0: Ball 1-0: Ground out 4-3 (Groundball, 4, EV 90.0 MPH)
|
Top of the 1st over - 0 runs, 1 hit, 0 errors, 2 left on base; Decatur 0 - Burlington 0 |
BOTTOM OF THE 1ST |
Burlington Bees batting - Pitching for Decatur Commodores : RHP Fred Howard
|
Pitching: RHP Fred Howard
|
|
Batting: LHB Herm Winningham
|
0-0: Ground out 4-3 (Groundball, 4, EV 91.3 MPH)
|
Batting: LHB Brian Devalk
|
0-0: Called Strike 0-1: Fly out, F8 (Flyball, 8LXD, EV 97.5 MPH)
|
Batting: RHB Javier Ortiz
|
0-0: Ball 1-0: DOUBLE (Line Drive, 9LM, EV 111.3 MPH)
|
Batting: RHB Steve Buechele
|
0-0: Ball 1-0: Called Strike 1-1: Foul Ball, location: 2F 1-2: Fly out, F9 (Flyball, 89D, EV 91.9 MPH)
|
Bottom of the 1st over - 0 runs, 1 hit, 0 errors, 1 left on base; Decatur 0 - Burlington 0 |
TOP OF THE 2ND |
Decatur Commodores batting - Pitching for Burlington Bees : RHP Buddy Maher
|
Batting: LHB Jerry Miller
|
0-0: Ball 1-0: Ball 2-0: Ground out 5-3 (Groundball, 56, EV 96.9 MPH)
|
Batting: RHB Clifton Wilder
|
0-0: Ball 1-0: Foul Ball, location: 2F 1-1: Ground out 6-3 (Groundball, 6, EV 88.8 MPH)
|
Batting: LHB Samuel Taves
|
0-0: Called Strike 0-1: Swinging Strike 0-2: Ball 1-2: Ground out U3 (Groundball, 3, EV 75.6 MPH)
|
Top of the 2nd over - 0 runs, 0 hits, 0 errors, 0 left on base; Decatur 0 - Burlington 0 |
BOTTOM OF THE 2ND |
Burlington Bees batting - Pitching for Decatur Commodores : RHP Fred Howard
|
Batting: RHB Bob Glendening
|
0-0: Ball 1-0: Ball 2-0: Called Strike 2-1: Foul Ball, location: 2F 2-2: SINGLE (Flyball, 8RS, EV 94.4 MPH)
|
Batting: RHB Mike Quade
|
0-0: Called Strike 0-1: Ball 1-1: Called Strike 1-2: Strikes out swinging
|
Batting: RHB James Noonan
|
0-0: Called Strike 0-1: Called Strike Bob Glendening is caught stealing 2nd base 2-4 0-2: Ball 1-2: Ball 2-2: Foul Ball, location: 2F 2-2: Fly out, F7 (Flyball, 78S, EV 88.1 MPH)
|
Bottom of the 2nd over - 0 runs, 1 hit, 0 errors, 0 left on base; Decatur 0 - Burlington 0 |
TOP OF THE 3RD |
Decatur Commodores batting - Pitching for Burlington Bees : RHP Buddy Maher
|
Batting: RHB Rex Farrior
|
0-0: Called Strike 0-1: Ball 1-1: Ball 2-1: Ball 3-1: Called Strike 3-2: Foul Ball, location: 2F 3-2: Base on Balls
|
Batting: LHB Alexis Marte
|
0-0: Called Strike 0-1: Ball 1-1: Foul Ball, location: 2F 1-2: Ball 2-2: DOUBLE (Groundball, 3D, EV 96.9 MPH) Rex Farrior to third
|
Batting: SHB Roger Holt
|
0-0: Ball 1-0: Foul Ball, location: 2F 1-1: Foul Ball, location: 2F 1-2: Ball 2-2: Foul Ball, location: 2F 2-2: Ground out 4-3 (Groundball, 4M, EV 101.9 MPH) Rex Farrior scores Alexis Marte to third
|
Batting: SHB Daniel Wieser
|
0-0: Foul Ball, location: 2F 0-1: Ball 1-1: Swinging Strike 1-2: Strikes out swinging
|
Batting: LHB David Showalter
|
0-0: Swinging Strike 0-1: Ball Passed Ball! Alexis Marte scores 1-1: Swinging Strike 1-2: SINGLE (Line Drive, 4D, EV 106.9 MPH)
|
Batting: SHB Rondin Johnson
|
0-0: Ball David Showalter steals 2nd base 1-0: Ball 2-0: Called Strike 2-1: Ball 3-1: Ground out 6-3 (Groundball, 6, EV 107.5 MPH)
|
Top of the 3rd over - 2 runs, 2 hits, 0 errors, 1 left on base; Decatur 2 - Burlington 0 |
BOTTOM OF THE 3RD |
Burlington Bees batting - Pitching for Decatur Commodores : RHP Fred Howard
|
Batting: RHB Mike Morse
|
0-0: Called Strike 0-1: Called Strike 0-2: Fly out, F9 (Flyball, 89D, EV 99.4 MPH)
|
Batting: RHB Bob Hicks
|
0-0: Ball 1-0: Ball 2-0: Fly out, F7 (Flyball, 7LM, EV 92.5 MPH)
|
Batting: LHB Herm Winningham
|
0-0: Ball 1-0: Bunt missed! 1-1: SINGLE (Line Drive, 7S, EV 88.8 MPH)
|
Batting: LHB Brian Devalk
|
0-0: Ball Herm Winningham steals 2nd base 1-0: SINGLE (Line Drive, 8RS, EV 98.1 MPH) Herm Winningham to third Runner from 3rd tries for Home, SAFE, throw by CF to home
|
Batting: RHB Javier Ortiz
|
0-0: Ball 1-0: Ball 2-0: Called Strike 2-1: Ball 3-1: Fly out, F2 (Popup, 2R, EV 85.0 MPH)
|
Bottom of the 3rd over - 1 run, 2 hits, 0 errors, 1 left on base; Decatur 2 - Burlington 1 |
TOP OF THE 4TH |
Decatur Commodores batting - Pitching for Burlington Bees : RHP Buddy Maher
|
Batting: LHB Jerry Miller
|
0-0: Ball 1-0: Ground out 4-3 (Groundball, 4M, EV 99.4 MPH)
|
Batting: RHB Clifton Wilder
|
0-0: Ground out 1-3 (Groundball, P, EV 65.6 MPH)
|
Batting: LHB Samuel Taves
|
0-0: Called Strike 0-1: Ball 1-1: Ball 2-1: Called Strike 2-2: Ground out 4-3 (Groundball, 4, EV 78.8 MPH)
|
Top of the 4th over - 0 runs, 0 hits, 0 errors, 0 left on base; Decatur 2 - Burlington 1 |
BOTTOM OF THE 4TH |
Burlington Bees batting - Pitching for Decatur Commodores : RHP Fred Howard
|
Batting: RHB Steve Buechele
|
0-0: Reached on error, E6 (Groundball, 6, EV 88.1 MPH)
|
Batting: RHB Bob Glendening
|
0-0: Ball 1-0: Ball 2-0: SINGLE (Groundball, 6MD, EV 105.6 MPH) Steve Buechele to third Runner from 3rd tries for Home, SAFE, throw by CF to home
|
Batting: RHB Mike Quade
|
0-0: Called Strike Bob Glendening steals 2nd base 0-1: Ball 1-1: Single, Error in OF, E8, batter to second base (Groundball, 4MD, EV 96.3 MPH) Bob Glendening scores
|
Batting: RHB James Noonan
|
0-0: Fly out, F7 (Line Drive, 7, EV 96.3 MPH)
|
Batting: RHB Mike Morse
|
0-0: Fly out, F8 (Flyball, 78D, EV 95.0 MPH)
|
Batting: RHB Bob Hicks
|
0-0: Ball 1-0: Ball 2-0: Swinging Strike 2-1: Swinging Strike 2-2: Strikes out looking
|
Bottom of the 4th over - 2 runs, 2 hits, 2 errors, 1 left on base; Decatur 2 - Burlington 3 |
TOP OF THE 5TH |
Decatur Commodores batting - Pitching for Burlington Bees : RHP Buddy Maher
|
Batting: RHB Rex Farrior
|
0-0: Foul Ball, location: 2F 0-1: Ground out 5-3 (Groundball, 56, EV 90.0 MPH)
|
Batting: LHB Alexis Marte
|
0-0: Ball 1-0: Ball 2-0: Ball 3-0: Base on Balls
|
Batting: SHB Roger Holt
|
0-0: Ball 1-0: Foul Ball, location: 2F 1-1: Ball Wild Pitch! Alexis Marte to second 2-1: Foul Ball, location: 2F 2-2: Ground out 4-3 (Groundball, 4, EV 91.3 MPH) Alexis Marte to third
|
Batting: SHB Daniel Wieser
|
0-0: Called Strike 0-1: Foul Ball, location: 2F 0-2: Ball 1-2: Foul Ball, location: 2F 1-2: Ball 2-2: Fly out, F9 (Flyball, 89D, EV 100.6 MPH)
|
Top of the 5th over - 0 runs, 0 hits, 0 errors, 1 left on base; Decatur 2 - Burlington 3 |
BOTTOM OF THE 5TH |
Burlington Bees batting - Pitching for Decatur Commodores : RHP Fred Howard
|
Batting: LHB Herm Winningham
|
0-0: Called Strike 0-1: Ball 1-1: Called Strike 1-2: Ball 2-2: Foul Ball, location: 2F 2-2: DOUBLE (Line Drive, 78XD, EV 101.9 MPH)
|
Batting: LHB Brian Devalk
|
0-0: Called Strike 0-1: Swinging Strike 0-2: Ball Wild Pitch! Herm Winningham to third 1-2: Foul Ball, location: 2F 1-2: 2-RUN HOME RUN (Flyball, 9LD, EV 110.6 MPH), Distance : 354 ft
|
Batting: RHB Javier Ortiz
|
0-0: Ball 1-0: Ball 2-0: Fly out, F8 (Flyball, 8LS, EV 71.9 MPH)
|
Batting: RHB Steve Buechele
|
0-0: Called Strike 0-1: Foul Ball, location: 2F 0-2: Ball 1-2: Foul Ball, location: 2F 1-2: Ball 2-2: Ball 3-2: Strikes out swinging
|
Batting: RHB Bob Glendening
|
0-0: Swinging Strike 0-1: Swinging Strike 0-2: Strikes out looking
|
Bottom of the 5th over - 2 runs, 2 hits, 0 errors, 0 left on base; Decatur 2 - Burlington 5 |
TOP OF THE 6TH |
Decatur Commodores batting - Pitching for Burlington Bees : RHP Buddy Maher
|
Batting: LHB David Showalter
|
0-0: Ball 1-0: Ball 2-0: Called Strike 2-1: Swinging Strike 2-2: Strikes out swinging
|
Batting: SHB Rondin Johnson
|
0-0: Ball 1-0: Ground out 6-3 (Groundball, 4M, EV 105.0 MPH)
|
Batting: LHB Jerry Miller
|
0-0: Called Strike 0-1: Ball 1-1: Ball 2-1: Fly out, F3 (Popup, 3, EV 77.5 MPH)
|
Top of the 6th over - 0 runs, 0 hits, 0 errors, 0 left on base; Decatur 2 - Burlington 5 |
BOTTOM OF THE 6TH |
Burlington Bees batting - Pitching for Decatur Commodores : RHP Fred Howard
|
Batting: RHB Mike Quade
|
0-0: Called Strike 0-1: Foul Ball, location: 2F 0-2: Foul Ball, location: 2F 0-2: Fly out, F9 (Line Drive, 9, EV 95.6 MPH)
|
Batting: RHB James Noonan
|
0-0: Called Strike 0-1: Called Strike 0-2: Ball 1-2: Strikes out swinging
|
Batting: RHB Mike Morse
|
0-0: Called Strike 0-1: Swinging Strike 0-2: Foul Ball, location: 2F 0-2: Strikes out swinging
|
Bottom of the 6th over - 0 runs, 0 hits, 0 errors, 0 left on base; Decatur 2 - Burlington 5 |
TOP OF THE 7TH |
Decatur Commodores batting - Pitching for Burlington Bees : RHP Buddy Maher
|
Batting: RHB Clifton Wilder
|
0-0: Called Strike 0-1: Swinging Strike 0-2: Ground out 1-3 (Groundball, 15S, EV 73.1 MPH)
|
Batting: LHB Samuel Taves
|
0-0: Fly out, F8 (Flyball, 89XD, EV 105.0 MPH)
|
Batting: RHB Rex Farrior
|
0-0: Foul Ball, location: 2F 0-1: Fly out, F8 (Flyball, 8LD, EV 90.0 MPH)
|
Top of the 7th over - 0 runs, 0 hits, 0 errors, 0 left on base; Decatur 2 - Burlington 5 |
BOTTOM OF THE 7TH |
Burlington Bees batting - Pitching for Decatur Commodores : RHP Fred Howard
|
Pitching: RHP William Martin
|
|
Batting: RHB Bob Hicks
|
0-0: Ball 1-0: Reached on error, E6 (Groundball, 6, EV 108.8 MPH)
|
Batting: LHB Herm Winningham
|
0-0: Swinging Strike 0-1: Fly out, F9 (Flyball, 89M, EV 83.1 MPH)
|
Batting: LHB Brian Devalk
|
0-0: Ball 1-0: Foul Ball, location: 2F 1-1: Called Strike 1-2: Strikes out swinging
|
Batting: RHB Javier Ortiz
|
0-0: Ball 1-0: Foul Ball, location: 2F 1-1: Ball 2-1: Ball 3-1: Called Strike 3-2: Foul Ball, location: 2F 3-2: Foul Ball, location: 2F 3-2: Fly out, F8 (Flyball, 8RM, EV 83.8 MPH)
|
Bottom of the 7th over - 0 runs, 0 hits, 1 error, 1 left on base; Decatur 2 - Burlington 5 |
TOP OF THE 8TH |
Decatur Commodores batting - Pitching for Burlington Bees : RHP Buddy Maher
|
Batting: LHB Alexis Marte
|
0-0: Swinging Strike 0-1: Called Strike 0-2: Ball 1-2: Ball 2-2: Strikes out looking
|
Batting: SHB Roger Holt
|
0-0: Ball 1-0: Ball 2-0: Foul Ball, location: 2F 2-1: Called Strike 2-2: Foul Ball, location: 2F 2-2: Ball 3-2: Fly out, F4 (Line Drive, 4, EV 74.4 MPH)
|
Batting: SHB Daniel Wieser
|
0-0: Ball 1-0: Ball 2-0: Ball 3-0: Called Strike 3-1: Base on Balls
|
Batting: LHB David Showalter
|
0-0: Called Strike 0-1: Foul Ball, location: 2F 0-2: Ball 1-2: Strikes out swinging
|
Top of the 8th over - 0 runs, 0 hits, 0 errors, 1 left on base; Decatur 2 - Burlington 5 |
BOTTOM OF THE 8TH |
Burlington Bees batting - Pitching for Decatur Commodores : RHP William Martin
|
Batting: RHB Steve Buechele
|
0-0: Foul Ball, location: 2F 0-1: Called Strike 0-2: Ball 1-2: Ball 2-2: Foul Ball, location: 2F 2-2: Fly out, F6 (Popup, 6, EV 56.9 MPH)
|
Batting: RHB Bob Glendening
|
0-0: Foul Ball, location: 2F 0-1: Ball 1-1: Called Strike 1-2: Foul Ball, location: 2F 1-2: Fly out, F6 (Line Drive, 6, EV 70.0 MPH)
|
Batting: RHB Mike Quade
|
0-0: Swinging Strike 0-1: Called Strike 0-2: Strikes out looking
|
Bottom of the 8th over - 0 runs, 0 hits, 0 errors, 0 left on base; Decatur 2 - Burlington 5 |
TOP OF THE 9TH |
Decatur Commodores batting - Pitching for Burlington Bees : RHP Buddy Maher
|
Pitching: RHP Roland Dickerson
|
|
Batting: SHB Rondin Johnson
|
0-0: Called Strike 0-1: Foul Ball, location: 2F 0-2: Strikes out swinging
|
Batting: LHB Jerry Miller
|
0-0: Fly out, F9 (Flyball, 9LS, EV 88.8 MPH)
|
Batting: RHB Clifton Wilder
|
0-0: Called Strike 0-1: Ball 1-1: Ball 2-1: Ball 3-1: Ground out 6-3 (Groundball, 6MS, EV 88.1 MPH)
|
Top of the 9th over - 0 runs, 0 hits, 0 errors, 0 left on base; Decatur 2 - Burlington 5 |
|